 Dungeon Crawl Stone Soup version 0.28.0-53-g5a82cb258f (webtiles) character file.

Game seed: 11061390603733329544

22288 cbfl8 the Cleaver (level 12, -34/168 HPs)
             Began as a Minotaur Berserker on Aug 14, 2022.
             Was an Elder of Trog.
             Annihilated by an entropy weaver simulacrum (37 damage)
             ... in an ice cave.
             The game lasted 00:21:52 (16593 turns).

cbfl8 the Cleaver (Minotaur Berserker)             Turns: 16593, Time: 00:21:53

Health: -34/168    AC: 18    Str: 29    XL:     12   Next: 61%
Magic:  11/11      EV: 15    Int:  4    God:    Trog [****..]
Gold:   892        SH:  0    Dex: 14    Spells: 11/11 levels left

rFire   . . .      SeeInvis .   d - +0 battleaxe
rCold   . . .      Faith    .   (shield currently unavailable)
rNeg    . . .      Spirit   .   a - +0 plate armour
rPois   .          Reflect  .   (helmet restricted)
rElec   .          Harm     .   u - +0 cloak
rCorr   .          Rampage  .   t - +1 pair of gloves
Will    .....                   (no boots)
Stlth   ..........              (no amulet)
HPRegen 0.38/turn               q - +6 ring of strength
MPRegen 0.12/turn               E - +4 ring of evasion

@: berserking, very quick
A: horns 2, retaliatory headbutt
a: Renounce Religion, Berserk, Trog's Hand, Brothers in Arms


You were in an ice cave.
You worshipped Trog.
Trog was greatly pleased with you.
You visited 1 branch of the dungeon, and saw 12 of its levels.
You also visited: Ice Cave.

You collected 892 gold pieces.

Inventory:

Hand Weapons
 d - a +0 battleaxe (weapon)
Armour
 a - a +0 plate armour (worn)
 t - a +1 pair of gloves (worn)
 u - a +0 cloak (worn)
Jewellery
 q - a +6 ring of strength (left hand)
 y - a ring of fire
 E - a +4 ring of evasion (right hand)
Scrolls
 c - 2 scrolls of teleportation
 e - 2 scrolls of noise
 f - 2 scrolls of fog
 g - 3 scrolls of fear
 l - 3 scrolls of enchant weapon
 r - a scroll of summoning
 v - a scroll of immolation {unknown}
 x - a scroll of blinking
 B - a scroll of enchant armour
 D - a scroll of brand weapon {unknown}
Potions
 b - 3 potions of curing
 h - a potion of brilliance {unknown}
 i - a potion of magic {unknown}
 j - 2 potions of attraction {unknown}
 k - a potion of degeneration {unknown}
 m - 2 potions of heal wounds {unknown}
 n - 2 potions of lignification
 o - 2 potions of might {unknown}
 p - 3 potions of ambrosia
 s - a potion of invisibility
 z - a potion of berserk rage {unknown}
 C - a potion of flight {unknown}
Miscellaneous
 F - a phial of floods


   Skills:
 * Level 12.0 Fighting
 + Level 13.6 Axes
 + Level 9.8 Armour
 * Level 9.0 Dodging
 * Level 7.1 Stealth
 * Level 6.9 Evocations


You had 11 spell levels left.
You didn't know any spells.
Your spell library was empty.

Dungeon Overview and Level Annotations

Branches:
Dungeon (12/15)            Temple (0/1) D:5            Lair (0/6) D:9
    Orc (0/2) D:10          IceCv (1/1)

Altars:
Cheibriados
Dithmenos
Elyvilon
Fedhas
Hepliaklqana
Nemelex Xobeh
Okawaru
Ru
Uskayaw
Wu Jian
Xom
The Shining One

Shops:
D:7 [

Annotations:
D:5 1 transporter
D:9 2 transporters IceCv exclusion: 2 ice statues


Innate Abilities, Weirdness & Mutations

You have a pair of horns on your head.
You reflexively headbutt those who attack you in melee.


Message History

The entropy weaver simulacrum hits you but does no damage.
The entropy weaver simulacrum closely misses you.
The entropy weaver simulacrum hits you but does no damage.
The entropy weaver simulacrum closely misses you.
The freezing wraith hits you! The freezing wraith freezes you!!
The freezing wraith hits you but does no damage.
You are too injured to fight recklessly!
Unknown command.
You are too injured to fight recklessly!
Unknown command.
You are too injured to fight recklessly!
Unknown command.
You slice the freezing wraith!!
The freezing wraith is heavily damaged.
You hit the entropy weaver simulacrum.
You are engulfed in freezing vapours.
The entropy weaver simulacrum hits you.
The entropy weaver simulacrum freezes you!!
* * * LOW HITPOINT WARNING * * *
The entropy weaver simulacrum completely misses you.
The entropy weaver simulacrum hits you but does no damage.
The entropy weaver simulacrum closely misses you.
The ice statue gestures at you.
The bolt of cold hits the entropy weaver simulacrum.
The entropy weaver simulacrum completely resists.
The bolt of cold hits you!
* * * LOW HITPOINT WARNING * * *
The freezing wraith closely misses you. x2
You slice the freezing wraith!!
You destroy the freezing wraith!
Trog accepts your kill.
You barely miss the entropy weaver simulacrum.
You are engulfed in freezing vapours.
* * * LOW HITPOINT WARNING * * *
The entropy weaver simulacrum barely misses you.
The entropy weaver simulacrum hits you but does no damage.
The entropy weaver simulacrum closely misses you.
The entropy weaver simulacrum hits you.
* * * LOW HITPOINT WARNING * * *
The entropy weaver simulacrum freezes you!!!
You die...

#.......#
#.......#
#8......#
##.....##
##...##
##8##
##.°.##
##°Z...##
#°@○....#
#○.°....#
#?○○...(#
#/.....?#
#)$.|.()#
#########


You could see an ice statue and an entropy weaver simulacrum.

Vanquished Creatures
  A boulder beetle (D:11)
  5 two-headed ogres
  Urug (D:12)
  4 skeletal warriors
  An orc knight (D:10)
  A wizard (D:11)
  Pikel (D:7)
  2 cyclopes
  3 manticores
  An ugly thing (IceCv)
  An ice statue (IceCv)
  2 komodo dragons
  A freezing wraith (IceCv)
  2 kobold demonologists
  2 trolls
  2 hornets (D:10)
  5 large abominations (D:11)
  8 spriggans (D:9)
  13 yaks
  2 wyverns (D:9)
  A dire elephant simulacrum (IceCv)
  7 small abominations (D:11)
  A basilisk (D:12)
  A harpy simulacrum (IceCv)
  Menkaure (D:6)
  An acid dragon (D:10)
  2 water moccasins
  A cane toad zombie (D:9)
  3 orc warriors
  2 sky beasts
  4 ice beasts
  3 necrophages
  3 ogres
  4 centaurs
  A lemure (D:7)
  11 kobold brigands
  A phantom (D:6)
  4 bullfrogs
  A gnoll sergeant (D:7)
  A cane toad simulacrum (IceCv)
  2 scorpions
  A wyvern skeleton (D:6)
  2 elephant simulacra (IceCv)
  2 electric eels (D:8)
  4 howler monkeys
  4 crimson imps (D:8)
  2 bullfrog zombies
  5 centaur zombies
  4 hounds
  A jelly (D:4)
  A gnoll shaman (D:8)
  Jessica (D:3)
  4 iguanas
  5 orc wizards
  A polar bear simulacrum (IceCv)
  2 killer bee zombies (D:8)
  2 wolf simulacra (IceCv)
  A howler monkey zombie (D:8)
  5 gnolls (D:7)
  A howler monkey skeleton (D:6)
  3 adders
  4 white imps
  An ufetubus (D:2)
  An adder skeleton (D:4)
  2 worms
  3 dart slugs
  27 orcs
  5 ball pythons
  6 bats
  2 endoplasms
  4 giant cockroaches
  6 goblins
  10 hobgoblins
  3 jackals (D:4)
  5 kobolds
  2 quokkas (D:3)
  3 frilled lizards
  6 rats
254 creatures vanquished.

Vanquished Creatures (others)
  A plant (D:8)
1 creature vanquished.

Grand Total: 255 creatures vanquished

Notes
Turn   | Place    | Note
-------+----------+-------------------------------------------
     0 | D:1      | cbfl8 the Minotaur Berserker began the quest for the Orb.
     0 | D:1      | Reached XP level 1. HP: 19/19 MP: 0/0
   125 | D:1      | Reached XP level 2. HP: 14/27 MP: 1/1
   354 | D:1      | Reached skill level 4 in Axes
  1139 | D:2      | Reached XP level 3. HP: 33/33 MP: 2/2
  1157 | D:2      | Reached ** piety under Trog
  1866 | D:3      | Reached XP level 4. HP: 25/41 MP: 3/3
  2103 | D:3      | Reached skill level 1 in Stealth
  2185 | D:3      | Noticed Jessica
  2193 | D:3      | Killed Jessica
  3047 | D:4      | Reached skill level 1 in Evocations
  3047 | D:4      | Reached XP level 5. HP: 41/47 MP: 4/4
  3063 | D:4      | Reached skill level 5 in Axes
  3220 | D:4      | Found an ornate altar of the Wu Jian Council.
  3257 | D:4      | Noticed an ice beast
  3267 | D:4      | Killed an ice beast
  3268 | D:4      | Reached skill level 5 in Fighting
  3268 | D:4      | Reached XP level 6. HP: 56/56 MP: 5/5
  3413 | D:4      | Found a shadowy altar of Dithmenos.
  4058 | D:5      | Entered Level 5 of the Dungeon
  4173 | D:5      | Noticed an ice beast
  4181 | D:5      | Killed an ice beast
  4182 | D:5      | Reached XP level 7. HP: 61/61 MP: 6/6
  4503 | D:5      | Reached skill level 6 in Axes
  4508 | D:5      | Reached skill level 5 in Armour
  4662 | D:5      | Found a staircase to the Ecumenical Temple.
  4674 | D:5      | Found a sparkling altar of Nemelex Xobeh.
  4674 | D:5      | Found a transporter.
  4676 | D:5      | Noticed a vampire mosquito
  4794 | D:5      | Reached XP level 8. HP: 70/70 MP: 7/7
  5180 | D:6      | Noticed Menkaure
  5183 | D:6      | Killed Menkaure
  5510 | D:6      | Reached *** piety under Trog
  5520 | D:6      | Reached skill level 7 in Axes
  5715 | D:6      | Reached skill level 5 in Dodging
  6278 | D:7      | Noticed Pikel
  6289 | D:7      | Killed Pikel
  6290 | D:7      | Reached skill level 8 in Axes
  6290 | D:7      | Reached XP level 9. HP: 55/79 MP: 8/8
  6776 | D:7      | Found Egara's Dragon-Slaying Spoils.
  7506 | D:8      | Found a shimmering altar of Xom.
  7532 | D:8      | Noticed a two-headed ogre
  7533 | D:8      | Noticed a troll
  7542 | D:8      | Killed a two-headed ogre
  7543 | D:8      | Reached skill level 9 in Axes
  7544 | D:8      | Killed a troll
  7848 | D:8      | Reached XP level 10. HP: 87/90 MP: 9/9
  7862 | D:8      | Identified the +3 ring mail of Incorporation {rC+}
  8090 | D:8      | Noticed a two-headed ogre
  8098 | D:8      | Killed a two-headed ogre
  8099 | D:8      | Reached skill level 10 in Axes
  8679 | D:8      | Reached **** piety under Trog
  8681 | D:8      | Found an iron altar of Okawaru.
  8732 | D:8      | Reached skill level 5 in Stealth
  8847 | D:8      | Found a white marble altar of Elyvilon.
  8848 | D:8      | Found a hazy altar of Hepliaklqana.
  8849 | D:8      | Found a blossoming altar of Fedhas.
  8849 | D:8      | Found a sacrificial altar of Ru.
  8850 | D:8      | Found a glowing golden altar of the Shining One.
  8852 | D:8      | Found a hide-covered altar of Uskayaw.
  9247 | D:9      | Found a staircase to the Lair.
  9290 | D:9      | Found a snail-covered altar of Cheibriados.
  9325 | D:9      | Found a transporter.
  9326 | D:9      | Found a transporter.
  9461 | D:9      | Reached skill level 5 in Evocations
  9937 | D:9      | Reached skill level 11 in Axes
 10175 | D:9      | Noticed a two-headed ogre
 10178 | D:9      | Killed a two-headed ogre
 10179 | D:9      | Reached XP level 11. HP: 83/99 MP: 10/10
 10648 | D:10     | Entered Level 10 of the Dungeon
 10655 | D:10     | Reached skill level 10 in Fighting
 10694 | D:10     | Paralysed by a hornet for 1 turns
 10823 | D:10     | Noticed a skeletal warrior
 11162 | D:10     | Noticed a skeletal warrior
 11162 | D:10     | Noticed a skeletal warrior
 11226 | D:9      | Killed a skeletal warrior
 11337 | D:10     | Killed a skeletal warrior
 11542 | D:10     | Paralysed by a hornet for 2 turns
 11684 | D:10     | Killed a skeletal warrior
 11970 | D:10     | Found a staircase to the Orcish Mines.
 12068 | D:10     | Reached skill level 12 in Axes
 12730 | D:10     | Noticed a soul eater
 13321 | D:11     | Noticed a boulder beetle
 13564 | D:11     | Killed a boulder beetle
 13737 | D:11     | Noticed a skeletal warrior
 13737 | D:11     | Noticed an orc knight
 13760 | D:10     | Killed an orc knight
 13819 | D:11     | Killed a skeletal warrior
 13820 | D:11     | Reached XP level 12. HP: 110/110 MP: 11/11
 14269 | D:11     | Reached skill level 13 in Axes
 14605 | D:11     | Noticed a two-headed ogre
 14611 | D:11     | Killed a two-headed ogre
 15133 | D:12     | Noticed a two-headed ogre
 15145 | D:12     | Killed a two-headed ogre
 15318 | D:12     | Noticed Urug
 15327 | D:12     | Killed Urug
 15355 | D:12     | Found a frozen archway.
 15432 | IceCv    | Entered an ice cave
 16593 | IceCv    | HP: 5/168 [ice statue] (9)]
 16593 | IceCv    | Annihilated by an entropy weaver simulacrum

Illustrated notes

Levels and vault maps discovered:
D:1:      dpeg_arrival_signposts, layout_basic
D:2:      layout_rooms, solitary_fountain
D:3:      layout_basic, minmay_surrounded, uniq_jessica
D:4:      layout_basic, nicolae_dithmenos_the_darkroom,
          nzn_wu_jian_contemplation, grunt_decor_one_mirror
D:5:      layout_rooms, grunt_nemelex_the_gamble,
          minmay_temple_entry_enclosed_plants
D:6:      layout_loops_ring, uniq_menkaure
D:7:      layout_loops_ring, nicolae_shop_dragon_depot, uniq_pikel
D:8:      minmay_octagon_keep, layout_basic, marbit_many_paths, led_xom_imps,
          minitemple, serial_bayou_ford_a
D:9:      kb_forest_paths, layout_basic, slow_altar_1, hangedman_glass_teeth,
          wad_floor_pattern_untrapped, serial_nicolae_subway,
          nicolae_sub_station_crystal, nicolae_sub_station_stone,
          nicolae_sub_station_metal
D:10:     layout_rooms, david_orc_2, special_room [special_room_kobold]
D:11:     kennysheep_big_flooded_room, layout_loops_ring, minmay_misc_feat_five,
          skrybe_limestone_x, laboratory
D:12:     layout_loops_corners, portal_ice_cave_entry_pillars_2, uniq_urug
IceCv:    ice_cave_statue_garden_chambered

Skill      XL: |  1  2  3  4  5  6  7  8  9 10 11 12 |
---------------+-------------------------------------+-----
Fighting       | 4 5 6 7 8 9 11 12 | 12.0
Axes           | 4 5 6 8 9 11 12 13 | 13.6
Stealth        | 1 2 3 4 5 6 7 |  7.1
Dodging        | 3 4 5 6 7 8 9 |  9.0
Armour         | 3 4 5 6 8 9 |  9.8
Evocations     | 1 2 3 4 5 6 |  6.9

Action                   |  1- 3 |  4- 6 |  7- 9 | 10-12 || total
-------------------------+-------+-------+-------+-------++-------
Melee: Hand axe          |    80 |   103 |    48 |       ||   231
       Headbutt          |     6 |    13 |    30 |    74 ||   123
       Punch             |     1 |     1 |       |       ||     2
       Battleaxe         |       |       |   107 |   380 ||   487
Invok: Trog's Hand       |     1 |       |       |       ||     1
       Berserk           |       |     4 |     4 |    13 ||    21
Evoke: Wand              |       |       |       |    27 ||    27
  Use: Scroll            |     2 |     3 |     7 |     5 ||    17
       Potion            |       |       |       |     8 ||     8
 Stab: Paralysed         |       |       |       |     2 ||     2
Armor: Animal skin       |     5 |       |       |       ||     5
       Leather armour    |    15 |     4 |       |       ||    19
       Scale mail        |       |     8 |       |       ||     8
       Ring mail         |       |    13 |       |       ||    13
       Chain mail        |       |    11 |    76 |       ||    87
       Plate armour      |       |       |    10 |   224 ||   234
Dodge: Dodged            |    52 |    54 |    90 |   228 ||   424
